 Dungeon Crawl Stone Soup version 0.24.0 (webtiles) character file.

Game seed: 12045802843173092568, levelgen mode: deterministic

49 Illumine the Vexing (level 3, 0/19 HPs)
             Began as a Deep Elf Enchanter on Oct 25, 2019.
             Slain by a jackal (1 damage)
             ... on level 1 of the Dungeon.
             The game lasted 00:06:04 (2245 turns).

Illumine the Vexing (Deep Elf Enchanter)            Turns: 2245, Time: 00:06:05

Health: 0/19       AC:  2    Str: 10    XL:     3   Next: 51%
Magic:  2/10       EV: 13    Int: 20    God:
Gold:   120        SH:  0    Dex: 15    Spells: 1/10 levels left

rFire    . . .     SeeInvis .   a - +1 dagger
rCold    . . .     Gourm    .   (no shield)
rNeg     . . .     Faith    .   b - +0 robe
rPois    .         Spirit   .   (no helmet)
rElec    .         Reflect  .   (no cloak)
rCorr    .         Harm     .   (no gloves)
MR       .....                  (no boots)
Stlth    +++.......             (no amulet)
HPRegen  0.06/turn              (no ring)
MPRegen  0.12/turn              (no ring)

@: mighty
A: no striking features
a: no special abilities


You were on level 1 of the Dungeon.
You were hungry.

You visited 1 branch of the dungeon, and saw 2 of its levels.

You collected 120 gold pieces.

Inventory:

Hand Weapons
 a - a +1 dagger (weapon)
Missiles
 e - 20 stones (quivered)
Armour
 b - a +0 robe (worn)
Jewellery
 i - an uncursed amulet of harm {unknown}
Scrolls
 f - 2 scrolls of enchant armour {unknown}
 g - a scroll of enchant weapon {unknown}
 j - 2 scrolls of identify {unknown}
Potions
 l - a potion of flight {unknown}
Comestibles
 d - 3 rations
 m - 3 chunks of flesh


   Skills:
 + Level 1.6 Short Blades
 - Level 2.4 Dodging
 - Level 4.0 Stealth
 + Level 4.0 Spellcasting
 + Level 4.8 Hexes


You had one spell level left.
You knew the following spells:

 Your Spells              Type           Power        Failure   Level  Hunger
a - Corona                Hex            ###....      1%          1    None
b - Ensorcelled Hibernat  Hex/Ice        ##....       7%          2    #......
c - Confuse               Hex            ###.....     5%          3    ###....
d - Dazzling Spray        Conj/Hex       ##....       14%         3    ###....

Your spell library contained the following spells:

 Spells                   Type           Power        Failure   Level  Hunger
 Tukima's Dance           Hex            ###.....     5%          3    ###....


Dungeon Overview and Level Annotations

Branches:
Dungeon (2/15)

Altars:
Dithmenos
Makhleb
Nemelex Xobeh
Uskayaw
Yredelemnul
Zin

Annotations:
D:2 Terence


Message History

Okay, then.
It was a potion of agility.
You feel agile all of a sudden. The jackal misses you.
The jackal completely misses you. The jackal closely misses you.
It was a potion of cancellation.
Your magical effects are unravelling.
You feel magically purged.
You feel a little less agile now. The jackal barely misses you.
The jackal completely misses you. The jackal closely misses you.
It was a potion of might.
You feel very mighty all of a sudden. The jackal misses you.
The jackal closely misses you.
You puncture the jackal!
You kill the jackal!
The jackal bites you.
* * * LOW HITPOINT WARNING * * *
The jackal bites you.
You die...

#.# #########
#.##########.......#
#.........##.#####.#
.......##.##.# #.#
...........#.### #.#
##≈≈≈≈≈≈≈##....# #.#
≈≈≈≈≈≈≈≈≈≈##.#.# #.#
≈≈≈≈≈≈≈≈≈≈##.#.###.#
≈≈.....≈≈≈##.).h@†.#
≈.......≈≈####.#####
≈........≈# #...#
≈≈...<....###...#
≈≈.........##...#
##..........###.#
......####...##.#
......+.......#.#
......####...##.#


You could see a jackal.

Vanquished Creatures
  An adder (D:2)
  A worm (D:2)
  A dart slug (D:1)
  A leopard gecko (D:1)
  5 bats
  2 giant cockroaches
  4 goblins (D:1)
  4 hobgoblins
  3 jackals
  2 frilled lizards (D:2)
  2 kobolds (D:2)
  5 rats
31 creatures vanquished.

Vanquished Creatures (others)
  2 bats (D:2)
2 creatures vanquished.

Grand Total: 33 creatures vanquished

Notes
Turn   | Place    | Note
-------+----------+-------------------------------------------
     0 | D:1      | Illumine the Deep Elf Enchanter began the quest for the
                  | Orb.
     0 | D:1      | Reached XP level 1. HP: 10/10 MP: 6/6
   812 | D:1      | Reached XP level 2. HP: 6/15 MP: 5/8
   985 | D:1      | Learned a level 2 spell: Ensorcelled Hibernation
  1783 | D:2      | Found a faded altar of an unknown god.
  1839 | D:2      | Reached XP level 3. HP: 19/19 MP: 7/10
  1867 | D:2      | Learned a level 3 spell: Confuse
  1871 | D:2      | Learned a level 3 spell: Dazzling Spray
  1893 | D:2      | Noticed Terence
  2060 | D:2      | Found a basalt altar of Yredelemnul.
  2060 | D:2      | Found a hide-covered altar of Uskayaw.
  2065 | D:2      | Found a shadowy altar of Dithmenos.
  2067 | D:2      | Found a burning altar of Makhleb.
  2068 | D:2      | Found a sparkling altar of Nemelex Xobeh.
  2219 | D:2      | Found a glowing silver altar of Zin.
  2245 | D:1      | Slain by a jackal

Levels and vault maps discovered:
D:1:      dpeg_arrival_pond, layout_loops_corners
D:2:      layout_rooms, lemuel_round_altar, chequers_temple_overflow_minitemple,
          chequers_ecumenical_altar_simple, lemuel_flame_loot_1, uniq_terence
